 Dungeon Crawl Stone Soup version 0.27.0-1-g7a089689b8 (webtiles) character file.

Game seed: 6948268667455485038

157350 sanka the Black Belt (level 17, -4/170 HPs)
             Began as a Barachi Transmuter on Aug 15, 2021.
             Was a High Priest of Okawaru.
             Slain by a redback (11 damage)
             ... on level 4 of the Spider Nest.
             The game lasted 01:24:15 (35590 turns).

sanka the Black Belt (Barachi Transmuter)          Turns: 35590, Time: 01:24:15

Health: -4/170     AC: 11    Str: 18    XL:     17   Next: 69%
Magic:  22/24      EV: 20    Int: 18    God:    Okawaru [*****.]
Gold:   4209       SH:  0    Dex: 15    Spells: 2/26 levels left

rFire    x . .     SeeInvis +     - Unarmed
rCold    + + +     Faith    .   (shield currently unavailable)
rNeg     . . .     Spirit   .   (armour currently unavailable)
rPois    +         Reflect  .   (helmet currently unavailable)
rElec    .         Harm     .   (cloak currently unavailable)
rCorr    .         Rampage  .   (gloves currently unavailable)
Will     +....                  (boots currently unavailable)
Stlth    +++.......             H - amulet of regeneration
HPRegen  1.38/turn              i - +6 ring of strength
MPRegen  0.19/turn              X - ring of see invisible

@: brilliant, ice-form, heroic
A: freezing attack, boosted hp, amphibious, large, (slowness 1), (strong legs
2), +LOS
a: End Transformation, Renounce Religion, Heroism, Finesse


You were on level 4 of the Spider Nest.
You worshipped Okawaru.
Okawaru was extremely pleased with you.
You were a creature of crystalline ice.
You visited 4 branches of the dungeon, and saw 27 of its levels.
You also visited: Bailey and Volcano.

You collected 4429 gold pieces.
You spent 220 gold pieces at shops.


Innate Abilities, Weirdness & Mutations

You are a creature of crystalline ice.
You have a powerful freezing melee attack.
Your maximum health is increased.
Your armour is entirely melded.
You are incapable of wielding weapons or throwing items.
You are amphibious.
((You cover ground slowly.))
((You can hop long distances.))
You have an extended range of vision and can be seen from far away.


   Skills:
 - Level 15.0(20.0) Fighting
 - Level 15.0(20.0) Dodging
 - Level 19.0(24.0) Unarmed Combat
 - Level 5.0 Spellcasting
 - Level 8.0 Transmutations
 * Level 15.0 Ice Magic
 - Level 4.0 Poison Magic
 - Level 7.0 Invocations


You had 2 spell levels left.
You knew the following spells:

 Your Spells              Type           Power      Damage    Failure   Level
c - Ice Form              Ice/Tmut       62%        N/A       1%          4
e - Apportation           Tloc           12%        N/A       13%         1
i - Polar Vortex          Ice            36%        N/A       100%        9
u - Poisonous Vapours     Pois/Air       34%        N/A       9%          2
x - Spider Form           Tmut/Pois      19%        N/A       3%          3
y - Wereblood             Tmut           49%        N/A       1%          2
z - Beastly Appendage     Tmut           98%        N/A       1%          1
N - Passwall              Tmut/Erth      23%        N/A       3%          2

Your spell library contained the following spells:

 Spells                   Type           Power      Damage    Failure   Level
 Sting                    Tmut/Pois      100%       1d8       1%          1
 Animate Skeleton         Necr           12%        N/A       13%         1
 Corona                   Hex            6%         N/A       13%         1
 Foxfire                  Conj/Fire      24%        2x1d5     13%         1
 Sandblast                Erth           12%        2d6       13%         1
 Summon Small Mammal      Summ           24%        N/A       13%         1
 Blink                    Tloc           N/A        N/A       21%         2
 Corpse Rot               Necr/Air       N/A        N/A       21%         2
 Slow                     Hex            6%         N/A       21%         2
 Mephitic Cloud           Conj/Pois/Air  13%        N/A       24%         3
 Olgreb's Toxic Radiance  Pois           28%        N/A       26%         4
 Alistair's Intoxication  Tmut/Pois      26%        N/A       30%         5
 Call Canine Familiar     Summ           6%         N/A       36%         3
 Confusing Touch          Hex            6%         N/A       36%         3
 Dazzling Flash           Conj/Hex       12%        N/A       36%         3
 Lesser Beckoning         Tloc           3%         N/A       36%         3
 Portal Projectile        Hex/Tloc       12%        N/A       36%         3
 Swiftness                Air            6%         N/A       36%         3
 Freezing Cloud           Conj/Ice/Air   16%        6-21      43%         5
 Yara's Violent Unravell  Hex/Tmut       14%        3d7       56%         5
 Simulacrum               Ice/Necr       23%        N/A       67%         6
 Animate Dead             Necr           3%         N/A       78%         4
 Dispel Undead            Necr           6%         3d8       78%         4
 Leda's Liquefaction      Hex/Erth       3%         N/A       78%         4
 Agony                    Necr           6%         N/A       98%         5
 Bolt of Magma            Conj/Fire/Erth 3%         4d5       98%         5
 Borgnjor's Vile Clutch   Necr/Erth      3%         N/A       98%         5
 Fireball                 Conj/Fire      3%         3d4       98%         5
 Lee's Rapid Deconstruct  Erth           3%         3d6*      98%         5
 Lightning Bolt           Conj/Air       3%         1d14      98%         5
 Manifold Assault         Tloc           6%         N/A       98%         5
 Silence                  Hex/Air        3%         N/A       98%         5
 Statue Form              Tmut/Erth      18%        N/A       98%         6
 Death Channel            Necr           3%         N/A       100%        6
 Dispersal                Tloc           3%         N/A       100%        6
 Storm Form               Tmut/Air       14%        N/A       100%        7
 Disjunction              Tloc           3%         N/A       100%        8

Inventory:

Hand Weapons
 b - the +6 demon trident "Ybeniczi" (melded) {venom, rC+ Int+3 Dex+4, !a}

   It poisons the flesh of those it strikes.
   Int:       It affects your intelligence (+3).
   Dex:       It affects your dexterity (+4).
   rC:        It protects you from cold.
Missiles
 F - 10 throwing nets {=f}
 P - 8 curare-tipped darts {=f}
Armour
 a - +0 steam dragon scales (melded)
 l - a +2 pair of gloves (melded)
 m - a +2 helmet (melded)
 o - a +2 pair of boots (melded)
 r - a scarf of repulsion (melded)
Jewellery
 g - a ring of fire
 i - a +6 ring of strength (left front paw)
 n - a +6 ring of intelligence
 v - a ring of protection from fire
 D - a ring of flight
 H - an amulet of regeneration (around neck)
 X - a ring of see invisible (right front paw)
Wands
 s - a wand of iceblast (28)
 I - a wand of charming (6)
 K - a wand of flame (29)
 L - a wand of digging (10)
 S - a wand of mindburst (45)
 T - a wand of acid (20)
 U - a wand of polymorph (11)
 V - a wand of paralysis (13)
Scrolls
 e - 2 scrolls of blinking
 f - 11 scrolls of teleportation {@r4}
 h - 4 scrolls of fear
 k - 3 scrolls of silence {!r}
 p - a scroll of enchant armour
 q - 3 scrolls of amnesia
 t - 4 scrolls of fog
 G - 5 scrolls of magic mapping
 M - 2 scrolls of brand weapon
Potions
 c - a potion of resistance
 d - 6 potions of invisibility
 j - a potion of cancellation
 u - 3 potions of heal wounds {@q2}
 w - 2 potions of ambrosia
 x - a potion of might
 z - 7 potions of brilliance
 A - a potion of lignification {unknown}
 B - 3 potions of flight
 C - 6 potions of haste {@q3}
 E - 4 potions of mutation {!q}
 J - a potion of magic
 N - 4 potions of attraction {!q}
 Q - 7 potions of curing {@q1}
Miscellaneous
 O - a condenser vane

Dungeon Overview and Level Annotations

Branches:
Dungeon (15/15)            Temple (0/1) D:6            Lair (6/6) D:10
 Shoals (0/4) Lair:3       Spider (4/4) Lair:3        Slime (0/5) Lair:5
    Orc (2/2) D:11            Elf (0/3) Orc:2        Vaults (0/5) D:13
 Depths (0/5) D:15         Bailey (visited)         Volcano (visited)

Altars:
Ashenzari
Elyvilon
Fedhas
Gozag
Hepliaklqana
Makhleb
Nemelex Xobeh
Okawaru
Ru
Sif Muna
Trog
Uskayaw
Zin
The Shining One
Jiyva

Shops:
D:2 *   D:5 !   D:11 [(   Orc:1 [   Orc:2 (*(*(

Annotations:
D:14 2 transporters
Lair:6 Rupert

▒▒.▒..▒.▒ ▒.......▒
▒▒.....▒.▒ ▒▒ ▒▒..▒▒....▒
▒▒ ▒▒.▒ ▒▒▒▒....▒....▒
▒..▒... ▒▒..▒.▒<.▒.▒▒.▒
▒......▒▒▒.........▒^▒▒▒
▒.....ss▒..▒..▒▒▒.^....▒
^.▒..▒▒ssY.^).^▒▒▒▒..▒.^▒
▒▒▒..▒.▒..▒ ▒▒▒..▒▒
▒▒▒▒▒...▒ ▒.^▒▒
▒▒...▒▒▒▒..▒▒
▒...▒.▒.▒..^▒▒
▒..▒▒........▒
▒▒......▒▒▒.^▒
▒▒......▒...▒
▒▒▒▒.▒.....▒


You could see an emperor scorpion and 3 redbacks.


Message History

The redback bites you but does no damage.
The redback closely misses you. The redback closely misses you.
Your Ice Magic skill increases to level 15!
Unknown command.
You feel clever all of a sudden. The redback bites you!
* * * LOW HITPOINT WARNING * * *
The redback bites you.
* * * LOW HITPOINT WARNING * * *
The redback misses you.
Unknown command.
Unknown command.
You pummel the emperor scorpion!! You freeze the emperor scorpion.
The emperor scorpion is lightly wounded.
The redback bites you.
* * * LOW HITPOINT WARNING * * *
The redback bites you but does no damage.
The redback bites you.
* * * LOW HITPOINT WARNING * * *
The emperor scorpion stings you.
* * * LOW HITPOINT WARNING * * *
The emperor scorpion completely misses you.
The emperor scorpion claws you but does no damage.
Unknown command.
The redback bites you!
* * * LOW HITPOINT WARNING * * *
The redback bites you!
You die...

Action                   |  1- 3 |  4- 6 |  7- 9 | 10-12 | 13-15 | 16-18 || total
-------------------------+-------+-------+-------+-------+-------+-------++-------
Melee: Unarmed           |    83 |   108 |   138 |   624 |  1124 |   504 ||  2581
       Headbutt          |    10 |     2 |       |       |       |       ||    12
       Kick              |    12 |     5 |       |       |       |       ||    17
       Dagger            |       |    37 |     9 |     9 |       |       ||    55
       Punch             |       |       |       |     1 |       |       ||     1
Throw: Dart              |       |       |       |       |     3 |       ||     3
 Cast: Beastly Appendage |    24 |     8 |       |       |       |       ||    32
       Spider Form       |     1 |    15 |    18 |    37 |     1 |       ||    72
       Ice Form          |       |       |       |    30 |   105 |    56 ||   191
       Passwall          |       |       |       |       |     2 |       ||     2
Invok: Heroism           |       |       |     3 |    27 |    41 |    23 ||    94
       Finesse           |       |       |       |     1 |     6 |     2 ||     9
 Abil: Hop               |       |     1 |     2 |     1 |       |       ||     4
       End Transformatio |       |     1 |     1 |     3 |     5 |       ||    10
Evoke: Wand              |       |       |       |     3 |     1 |       ||     4
  Use: Potion            |       |     2 |     2 |     2 |     2 |     6 ||    14
       Scroll            |       |       |     5 |     8 |    11 |     8 ||    32
 Stab: Sleeping          |     1 |     1 |     1 |     2 |       |     1 ||     6
       Invisible         |       |       |       |       |     4 |       ||     4
       Distracted        |       |       |       |       |     1 |       ||     1
Armor: Robe              |     6 |    16 |       |     3 |     1 |       ||    26
       Skin              |       |     5 |     6 |    99 |   171 |   134 ||   415
       Acid dragon scale |       |       |     1 |       |       |       ||     1
       Steam dragon scal |       |       |       |       |     4 |     6 ||    10
Dodge: Dodged            |    50 |   100 |   135 |   633 |   702 |   416 ||  2036
       Repelled          |       |       |       |       |     2 |       ||     2

Levels and vault maps discovered:
D:1:      minmay_arrival_up_and_down, layout_rooms
D:2:      layout_basic, serial_shops, shop, uniq_terence, uniq_robin,
          uniq_natasha
D:3:      layout_basic, okawaru_ov_weapons_minmay
D:4:      layout_loops_corners, mainiacjoe_overflow_catwalk
D:5:      layout_loops_ring, mainiacjoe_overflow_tiny_flanked, zin_statuary,
          serial_shops, shop, minivault_19, fountainhead
D:6:      layout_gridville, mainiacjoe_overflow_24_doors,
          mainiacjoe_overflow_swirl, minmay_temple_entry_wispy, uniq_maggie
D:7:      layout_basic, enter_bailey_3
D:8:      layout_basic, fedhas_altar_fruit_tree, lemuel_tele_altar, uniq_joseph
D:9:      layout_loops_ring, mainiacjoe_overflow_chevrons, minivault_27,
          hangedman_decor_slide_cut
D:10:     minmay_bubble_buster, layout_irregular_city,
          mainiacjoe_overflow_small_starburst, marbit_many_paths,
          david_lair_shrubbed, nzn_life_drinkers, uniq_josephine
D:11:     cheibrodos_frozen_isle, layout_basic, orc_david_3,
          chequers_serial_rivers_small_b
D:12:     layout_roguey, serial_glass, glass_columns_b, glass_columns_c,
          glass_columns_c, minmay_strange_pillars, due_unseen_surprise,
          minmay_strange_pillars, mrwooster_statue_mirror, uniq_erolcha,
          uniq_snorg
D:13:     layout_loops_corners, david_vaults_5
D:14:     gammafunk_cloud_chamber, layout_loops_ring, uniq_kirke
D:15:     grunt_enter_depths_snipers, layout_basic,
          hangedman_abyss_or_decor_lesser_grid, grunt_gozag_statues
Lair:1:   layout_cave_pods, beast_lair_carwin_4, uniq_urug
Lair:2:   layout_cave_pods, serial_bayou_shore_b, lemuel_fruit_tree,
          minmay_lair_oklob_chamber, serial_bayou_shore_b,
          infiniplex_staircase_pool, lemuel_fruit_fields
Lair:3:   layout_small_grid, shoals_dummy_entry, spider_nest_entry_a,
          serial_forest, infiniplex_forest_lined_room_,
          infiniplex_forest_lined_3, infiniplex_forest_end_3,
          infiniplex_forest_straight_1, infiniplex_forest_clump_long,
          infiniplex_forest_end_2, infiniplex_forest_lined_room_2,
          infiniplex_forest_straight_2
Lair:4:   layout_cave_pods, minmay_hedge_maze, ice2_lemuel
Lair:5:   layout_layer_cave, slime_altar_1, grunt_forest_stairs_basic,
          eino_small_chamber_without_monster, serial_bayou_lagoon_b
Lair:6:   minmay_lair_end_enchanted_forest, layout_small_grid, basic_altar,
          nicolae_volcano_entry_lava_flow, grunt_megastairs_2, uniq_rupert
Spider:1: layout_spider_delve
Spider:2: layout_spider_delve, hangedman_spider_tarantella_strand,
          nicolae_spider_cling_halls, uniq_arachne
Spider:3: layout_chambers, uniq_nikola
Spider:4: grunt_spider_rune_circles
Orc:1:    lemuel_ogre_cave, layout_diamond_mine, serial_shops, shop
Orc:2:    st_orc_pillars, layout_diamond_mine, serial_shops,
          nicolae_shop_waterfront, uniq_azrael

Notes
Turn   | Place    | Note
-------+----------+-------------------------------------------
     0 | D:1      | sanka the Barachi Transmuter began the quest for the Orb.
     0 | D:1      | Reached XP level 1. HP: 15/15 MP: 3/3
   269 | D:1      | Reached XP level 2. HP: 21/21 MP: 3/5
   322 | D:1      | Reached skill level 1 in Poison Magic
   369 | D:1      | Learned a level 2 spell: Wereblood
   651 | D:1      | Reached XP level 3. HP: 26/26 MP: 5/7
   670 | D:1      | Learned a level 3 spell: Spider Form
  1299 | D:2      | Found Nidof's Assorted Antiques.
  1312 | D:2      | Reached skill level 3 in Transmutations
  1422 | D:2      | Noticed Natasha
  1428 | D:2      | Killed Natasha
  1429 | D:2      | Reached skill level 3 in Spellcasting
  1429 | D:2      | Reached skill level 2 in Poison Magic
  1429 | D:2      | Reached XP level 4. HP: 32/32 MP: 4/8
  1498 | D:2      | Noticed Robin
  1755 | D:2      | Noticed Natasha
  1771 | D:2      | Killed Natasha
  1973 | D:2      | Killed Robin
  2001 | D:2      | Reached XP level 5. HP: 33/37 MP: 7/9
  2104 | D:2      | Noticed Terence
  2115 | D:2      | Killed Terence
  2116 | D:2      | Reached skill level 4 in Transmutations
  2116 | D:2      | Reached skill level 3 in Poison Magic
  3000 | D:3      | Found an iron altar of Okawaru.
  3021 | D:3      | Became a worshipper of Warmaster Okawaru
  3496 | D:4      | Found a sparkling altar of Nemelex Xobeh.
  4057 | D:5      | Entered Level 5 of the Dungeon
  4087 | D:5      | Reached skill level 3 in Dodging
  4087 | D:5      | Reached XP level 6. HP: 10/43 MP: 8/10
  4351 | D:5      | Found a bloodstained altar of Trog.
  4398 | D:4      | Noticed a necrophage
  4407 | D:4      | Killed a necrophage
  4408 | D:4      | Reached skill level 4 in Poison Magic
  4925 | D:5      | Noticed a sky beast
  4936 | D:5      | Killed a sky beast
  4937 | D:5      | Reached skill level 5 in Transmutations
  4963 | D:5      | Reached skill level 4 in Dodging
  4992 | D:5      | Noticed a two-headed ogre
  5148 | D:5      | Reached XP level 7. HP: 47/48 MP: 7/11
  5381 | D:5      | Found Zalaficki's Distillery.
  5398 | D:5      | Noticed a two-headed ogre
  6132 | D:5      | HP: 2/48 [orc priest/divine providence (14)]
  6465 | D:5      | Bought a potion of might for 44 gold pieces
  6465 | D:5      | Bought a potion of berserk rage for 55 gold pieces
  6492 | D:5      | Reached skill level 6 in Transmutations
  6502 | D:5      | Reached skill level 5 in Dodging
  6564 | D:5      | Reached skill level 6 in Dodging
  6975 | D:5      | Killed a two-headed ogre
  6975 | D:5      | Reached * piety under Okawaru
  6975 | D:5      | Reached ** piety under Okawaru
  6976 | D:5      | Reached skill level 8 in Dodging
  6976 | D:5      | Reached skill level 3 in Invocations
  6976 | D:5      | Reached XP level 8. HP: 54/54 MP: 9/12
  7183 | D:5      | Killed a two-headed ogre
  7183 | D:5      | Reached *** piety under Okawaru
  7184 | D:5      | Reached skill level 4 in Invocations
  7184 | D:5      | Reached skill level 6 in Unarmed Combat
  7184 | D:5      | Reached XP level 9. HP: 33/59 MP: 8/13
  7320 | D:5      | Learned a level 1 spell: Apportation
  7325 | D:5      | Learned a level 4 spell: Ice Form
  7360 | D:5      | Found a glowing silver altar of Zin.
  7454 | D:6      | Found a staircase to the Ecumenical Temple.
  7526 | D:6      | Found a burning altar of Makhleb.
  7583 | D:6      | Found a hazy altar of Hepliaklqana.
  7619 | D:6      | Reached skill level 7 in Unarmed Combat
  7812 | D:6      | Identified +0 acid dragon scales
  7812 | D:6      | Noticed Maggie
  7825 | D:6      | Killed Maggie
  7825 | D:6      | Reached **** piety under Okawaru
  7826 | D:6      | Reached skill level 8 in Unarmed Combat
  7928 | D:6      | Reached skill level 9 in Unarmed Combat
  7940 | D:6      | Reached skill level 10 in Unarmed Combat
  7940 | D:6      | Reached skill level 1 in Ice Magic
  7940 | D:6      | Reached XP level 10. HP: 35/65 MP: 10/14
  7945 | D:6      | Reached skill level 2 in Ice Magic
  8148 | D:6      | Found a shimmering blue altar of Sif Muna.
  8158 | D:6      | Reached skill level 3 in Ice Magic
  8335 | D:6      | Identified the +4 hunting sling "Fifuan" {vorpal, rPois rN+
                  | Int-2}
  8572 | D:7      | Reached skill level 4 in Ice Magic
  8635 | D:7      | Reached skill level 5 in Ice Magic
  8652 | D:7      | Found a flagged portal.
  8659 | D:7      | Reached ***** piety under Okawaru
  8674 | D:7      | Reached skill level 6 in Ice Magic
  8876 | Bailey   | Entered a bailey
 10240 | Bailey   | Reached skill level 9 in Dodging
 10777 | D:7      | Learned a level 2 spell: Poisonous Vapours
 11264 | D:8      | Reached skill level 2 in Fighting
 11343 | D:8      | Found a glowing golden altar of the Shining One.
 11412 | D:8      | Noticed Joseph
 11427 | D:8      | Killed Joseph
 11454 | D:8      | Found a blossoming altar of Fedhas.
 11538 | D:8      | Reached skill level 10 in Dodging
 12122 | D:9      | Reached skill level 7 in Ice Magic
 12219 | D:9      | Found a sacrificial altar of Ru.
 12228 | D:9      | Reached XP level 11. HP: 59/73 MP: 11/15
 12298 | D:9      | Noticed a centaur warrior
 12303 | D:9      | Killed a centaur warrior
 12303 | D:9      | Received a gift from Okawaru
 12307 | D:9      | HP: 6/74 [steam dragon] (5)]
 12693 | D:9      | Reached skill level 3 in Fighting
 12693 | D:9      | Reached skill level 11 in Dodging
 12843 | D:9      | Noticed a two-headed ogre
 12850 | D:9      | Killed a two-headed ogre
 13079 | D:10     | Entered Level 10 of the Dungeon
 13547 | D:10     | Noticed Josephine
 13571 | D:10     | Killed Josephine
 13578 | D:10     | Reached skill level 4 in Fighting
 13581 | D:10     | Reached skill level 12 in Dodging
 13586 | D:10     | Reached skill level 7 in Transmutations
 13712 | D:10     | Found a broken altar of Ashenzari.
 13853 | D:10     | Noticed a two-headed ogre
 13853 | D:10     | Noticed a manticore
 13853 | D:10     | Noticed a two-headed ogre
 13853 | D:10     | Noticed a two-headed ogre
 13867 | D:10     | Killed a two-headed ogre
 13876 | D:10     | Killed a two-headed ogre
 13876 | D:10     | Received a gift from Okawaru
 13881 | D:10     | Reached skill level 5 in Fighting
 13882 | D:10     | Killed a manticore
 13883 | D:10     | Reached XP level 12. HP: 84/86 MP: 5/16
 13889 | D:10     | Killed a two-headed ogre
 13890 | D:10     | Reached skill level 8 in Ice Magic
 14046 | D:10     | Reached skill level 13 in Dodging
 14046 | D:10     | Reached skill level 8 in Transmutations
 14108 | D:10     | Noticed a centaur warrior
 14116 | D:10     | Killed a centaur warrior
 14236 | D:10     | Found a hide-covered altar of Uskayaw.
 14247 | D:10     | Reached skill level 6 in Fighting
 14441 | D:10     | Found a staircase to the Lair.
 14598 | D:10     | Noticed a two-headed ogre
 14605 | D:10     | Killed a two-headed ogre
 14879 | D:11     | Reached skill level 7 in Fighting
 14879 | D:11     | Reached skill level 14 in Dodging
 14889 | D:11     | Received a gift from Okawaru
 15609 | D:11     | Found a staircase to the Orcish Mines.
 15609 | D:11     | Found Umawoc's Armour Boutique.
 15612 | D:11     | Found Fiamaux's Weapon Boutique.
 15633 | D:11     | Reached skill level 8 in Fighting
 15835 | Lair:1   | Entered Level 1 of the Lair of Beasts
 15874 | Lair:1   | Noticed Urug
 15893 | Lair:1   | Killed Urug
 15962 | Lair:1   | Reached skill level 15 in Dodging
 16064 | Lair:1   | Gained mutation: You can hop long distances. [Barachi
                  | growth]
 16064 | Lair:1   | Reached XP level 13. HP: 99/99 MP: 14/17
 16111 | Lair:1   | Identified the +1 leather armour of the Moneychanger
                  | {Dex+3}
 16158 | Lair:1   | Reached skill level 9 in Fighting
 16510 | Lair:1   | Reached skill level 10 in Fighting
 17057 | Lair:2   | Reached skill level 11 in Fighting
 18488 | D:5      | Bought a potion of invisibility for 88 gold pieces
 18488 | D:5      | Bought a potion of curing for 33 gold pieces
 18714 | Lair:2   | Reached skill level 12 in Fighting
 18760 | Lair:3   | Found a staircase to the Shoals.
 18854 | Lair:3   | Found a hole to the Spider Nest.
 18981 | Lair:3   | Received a gift from Okawaru
 19109 | Lair:3   | Reached skill level 13 in Fighting
 19906 | Lair:3   | Reached skill level 14 in Fighting
 20145 | Lair:4   | Received a gift from Okawaru
 20171 | Lair:4   | Reached XP level 14. HP: 121/121 MP: 18/18
 20243 | Lair:4   | Reached skill level 15 in Fighting
 21029 | Lair:4   | Got the Almanac of Scorching Displacement
 21349 | Lair:5   | Reached skill level 11 in Unarmed Combat
 21351 | Lair:5   | Found a viscous altar of Jiyva.
 21351 | Lair:5   | Found a staircase to the Slime Pits.
 21857 | Lair:5   | Identified the +6 chain mail "Vuit" {Regen+}
 22512 | Lair:6   | Entered Level 6 of the Lair of Beasts
 22548 | Lair:6   | Found a dark tunnel.
 22565 | Lair:6   | Reached skill level 12 in Unarmed Combat
 22603 | Volcano  | Entered a volcano
 22701 | Volcano  | Identified the +6 demon trident "Ybeniczi" {venom, rC+
                  | Int+3 Dex+4} (Okawaru gifted it to you in a volcano)
 22701 | Volcano  | Received a gift from Okawaru
 22709 | Volcano  | Identified +0 steam dragon scales
 23063 | Lair:6   | Reached skill level 13 in Unarmed Combat
 23530 | Lair:6   | Noticed Rupert
 23645 | Lair:6   | Received a gift from Okawaru
 23649 | Lair:6   | Reached skill level 14 in Unarmed Combat
 23858 | Lair:6   | Reached XP level 15. HP: 68/129 MP: 19/19
 24222 | Lair:6   | Found a white marble altar of Elyvilon.
 24770 | Orc:1    | Entered Level 1 of the Orcish Mines
 24774 | Orc:1    | Reached skill level 15 in Unarmed Combat
 24847 | Orc:2    | Entered Level 2 of the Orcish Mines
 24965 | Orc:2    | Found Tonkath's Antique Weapon Boutique.
 25044 | Orc:2    | Found a staircase to the Elven Halls.
 25271 | Orc:2    | Noticed Azrael
 26144 | Orc:2    | Reached skill level 16 in Unarmed Combat
 26517 | Orc:2    | Killed Azrael
 26808 | Orc:2    | Found Fuithoc's General Store.
 26808 | Orc:2    | Found Ruegorr's Weapon Emporium.
 26809 | Orc:2    | Found Xavam's Assorted Antiques.
 26809 | Orc:2    | Found Deboar's Antique Weapon Emporium.
 27089 | Orc:1    | Found Wismuzos's Antique Armour Shoppe.
 27330 | D:12     | Received a gift from Okawaru
 27340 | D:12     | Learned a level 2 spell: Passwall
 27345 | D:12     | Identified the +0 robe of the Sturgeon {Str+7 Dex+3}
 27461 | D:12     | Reached skill level 17 in Unarmed Combat
 27573 | D:12     | Noticed Snorg
 27585 | D:12     | Killed Snorg
 27682 | D:12     | Noticed Erolcha
 27695 | D:12     | Killed Erolcha
 28249 | D:12     | Identified the +9 scimitar of the Sun {venom, Str+3 Int-3
                  | Dex+6}
 28558 | D:13     | HP: 11/154 [mirror damage (17)]
 28792 | D:13     | Received a gift from Okawaru
 28909 | D:13     | Reached XP level 16. HP: 114/136 MP: 16/20
 29012 | D:13     | Found a gate to the Vaults.
 29412 | D:13     | Reached skill level 18 in Unarmed Combat
 29735 | D:14     | Reached skill level 5 in Invocations
 29852 | D:14     | Found a transporter.
 29949 | D:14     | Noticed Kirke
 30144 | D:14     | Found a transporter.
 30292 | D:14     | Noticed a sphinx
 30298 | D:14     | Paralysed by a sphinx for 7 turns
 30735 | D:14     | Killed Kirke
 31048 | D:15     | Entered Level 15 of the Dungeon
 31113 | D:15     | Reached skill level 19 in Unarmed Combat
 31174 | D:15     | Identified the +6 executioner's axe "Beocreod" {speed,
                  | rElec rC+ Dex-2 Stlth+} (Okawaru gifted it to you on level
                  | 15 of the Dungeon)
 31174 | D:15     | Received a gift from Okawaru
 31446 | D:15     | Reached skill level 4 in Spellcasting
 31446 | D:15     | Reached skill level 6 in Invocations
 31503 | D:15     | Found an opulent altar of Gozag.
 31733 | D:15     | Found a staircase to the Depths.
 31861 | D:15     | Identified the +4 hand axe of the Messenger {vorpal, rN++
                  | rCorr Dex-2}
 32100 | Spider:1 | Entered Level 1 of the Spider Nest
 32111 | Spider:1 | Reached skill level 9 in Ice Magic
 32367 | Spider:1 | Reached skill level 5 in Spellcasting
 32495 | Spider:1 | Identified 2 scrolls of acquirement
 32496 | Spider:1 | Acquired 1012 gold pieces
 32498 | Spider:1 | Acquired sanka's Catalogue of the Noxious Birds
 32531 | Spider:1 | Reached skill level 7 in Invocations
 32544 | Spider:1 | Reached skill level 10 in Ice Magic
 32869 | Spider:2 | Noticed Arachne
 32886 | Spider:2 | Killed Arachne
 32886 | Spider:2 | Identified the +0 cloak "Kauger" {Dex+3 SInv} (Okawaru
                  | gifted it to you on level 2 of the Spider Nest)
 32886 | Spider:2 | Received a gift from Okawaru
 33031 | Spider:2 | Reached XP level 17. HP: 142/142 MP: 24/24
 33314 | Spider:2 | Reached skill level 11 in Ice Magic
 33717 | Spider:3 | Identified 2 potions of resistance
 33826 | Spider:3 | Reached skill level 12 in Ice Magic
 33925 | Spider:3 | Learned a level 9 spell: Polar Vortex
 34318 | Spider:3 | Reached skill level 13 in Ice Magic
 34658 | Spider:3 | Noticed Nikola
 34682 | Spider:3 | Killed Nikola
 34682 | Spider:3 | Received a gift from Okawaru
 34683 | Spider:3 | Reached skill level 14 in Ice Magic
 35402 | Spider:4 | Entered Level 4 of the Spider Nest
 35588 | Spider:4 | Reached skill level 15 in Ice Magic
 35589 | Spider:4 | HP: 15/170 [redback (5)]
 35590 | Spider:4 | HP: 7/170 [redback (8)]
 35590 | Spider:4 | Slain by a redback

Vanquished Creatures
  Nikola (Spider:3)
  Arachne (Spider:2)
  Kirke (D:14)
  A ghost moth (Spider:3)
  A stone giant (D:15)
  2 emperor scorpions
  An entropy weaver (Spider:3)
  Azrael (Orc:2)
  3 spark wasps
  Snorg (D:12)
  A fire dragon (Volcano)
  A vault guard (D:13)
  Josephine (D:10)
  An ice dragon (Lair:4)
  Erolcha (D:12)
  9 hydras
  4 boulder beetles
  3 centaur warriors
  An ogre mage (D:15)
  6 death yaks
  A death knight (D:13)
  11 two-headed ogres
  7 tengu warriors
  Urug (Lair:1)
  5 orc high priests (Orc:2)
  15 skeletal warriors
  6 lindwurms
  7 orc knights
  19 ugly things
  17 wolf spiders
  11 orb spiders
  4 deep elf pyromancers
  4 oklob plants (Lair:2)
  2 manticores
  An orc sorcerer (Orc:2)
  2 cyclopes (D:14)
  9 elephants
  A black mamba (shapeshifter) (D:13)
  2 gargoyles
  2 smoke demons (Volcano)
  6 cane toads
  Joseph (D:8)
  Maggie (D:6)
  5 black mambas
  2 ice statues
  2 rime drakes (Lair:1)
  3 unseen horrors
  2 efreet
  6 ice devils (D:11)
  11 komodo dragons
  2 tengu conjurers (D:13)
  3 kobold demonologists (D:11)
  5 trolls
  6 demonic crawlers
  26 jumping spiders
  7 polar bears
  7 hornets
  A blink frog (Lair:6)
  A dream sheep (Lair:6)
  4 slime creatures (D:13)
  41 redbacks
  A centaur simulacrum (D:12)
  13 spriggans (Lair:6)
  2 shadows
  3 vampires (D:10)
  20 tarantellas
  32 yaks
  4 fire elementals (Orc:2)
  5 wraiths (D:10)
  5 wyverns
  4 basilisks
  7 steam dragons
  4 hogs (D:14)
  2 vampire mosquitoes (D:12)
  14 two-headed ogre zombies (Orc:1)
  2 acid dragons
  13 water moccasins
  6 hell hounds
  6 ice beasts (Lair:4)
  42 orc warriors
  2 sky beasts
  4 black bears
  35 wolves
  7 boggarts
  A hornet zombie (D:9)
  8 ogres
  2 necrophages
  A phantom (D:6)
  15 centaurs
  10 gnoll sergeants
  4 kobold brigands
  11 bullfrogs
  2 scorpions
  2 wyvern skeletons
  5 killer bees
  4 howler monkeys
  3 electric eels
  7 centaur zombies
  3 hounds
  A jelly (D:7)
  28 orc priests
  A centaur skeleton (D:5)
  8 gnoll shamans
  2 iguanas
  Terence (D:2)
  9 orc wizards
  Natasha (twice) (D:2)
  4 hell rats (Lair:3)
  Robin (D:2)
  2 howler monkey skeletons
  33 gnolls
  4 adders
  A white imp (Lair:4)
  6 ufetubi (D:11)
  An adder skeleton (D:5)
  A worm (D:5)
  3 dart slugs
  54 orcs
  7 ball pythons
  4 bats
  2 endoplasms
  A giant cockroach (D:1)
  19 goblins
  7 hobgoblins
  5 jackals
  5 quokkas
  5 frilled lizards
  A jackal skeleton (D:4)
  20 kobolds
  9 rats
  A bush (Lair:4)
869 creatures vanquished.

Vanquished Creatures (others)
  A boggart (D:14)
  10 fungi
  53 plants
64 creatures vanquished.

Grand Total: 933 creatures vanquished
